 Dungeon Crawl Stone Soup version 0.28-a0-565-g7719699fd9 (webtiles) character file.

Game seed: 13150525507412209532

14892 Conn the Arsonist (level 12, -2/72 HPs)
             Began as an Octopode Fire Elementalist on Oct 1, 2021.
             Was a Follower of Sif Muna.
             Hit by a large rock thrown by a stone giant (58 damage)
             ... on level 14 of the Dungeon.
             The game lasted 00:46:49 (15697 turns).

Conn the Arsonist (Octopode Fire Elementalist)     Turns: 15697, Time: 00:46:49

Health: -2/72      AC:  1    Str:  9    XL:     12   Next: 21%
Magic:  24/24      EV: 14    Int: 28    God:    Sif Muna [*.....]
Gold:   698        SH:  0    Dex: 12    Spells: 0/27 levels left

rFire   . . .      SeeInvis .   b - +7 hand axe "Betozogi" {venom, Int+7}
rCold   . . .      Faith    .   (no shield)
rNeg    + . .      Spirit   .   (helmet restricted)
rPois   +          Reflect  .   y - amulet of magic regeneration
rElec   .          Harm     .   g - ring of positive energy
rCorr   .          Rampage  .   t - ring of poison resistance
Will    +....                   w - ring of willpower
Stlth   ++++......              (no ring)
HPRegen 0.22/turn               (no ring)
MPRegen 0.44/turn               (no ring)
                                (no ring)
                                (no ring)

@: about to teleport
A: almost no armour, amphibious, 8 rings, camouflage 1, gelatinous body 1,
(nimble swimmer 1), tentacles
a: Renounce Religion, Channel Magic


You were on level 14 of the Dungeon.
You worshipped Sif Muna.
Sif Muna was aware of your devotion.
You visited 3 branches of the dungeon, and saw 15 of its levels.
You also visited: Sewer.

You collected 698 gold pieces.

Inventory:

Hand Weapons
 a - a +6 vampiric short sword
 b - the +7 hand axe "Betozogi" (weapon) {venom, Int+7}
   (You found it on level 8 of the Dungeon)

   It poisons the flesh of those it strikes.
   Int:       It affects your intelligence (+7).
 d - a +0 rapier
 i - a +0 dagger of venom
 n - a +0 short sword
Missiles
 p - 13 poisoned darts (quivered)
 A - 4 curare-tipped darts
Jewellery
 g - a ring of positive energy (left tentacle)
 t - a ring of poison resistance (right tentacle)
 w - a ring of willpower (on tentacle)
 y - an amulet of magic regeneration (around mantle)
Wands
 e - a wand of polymorph (13)
 j - a wand of mindburst (10)
 u - a wand of digging (9)
Scrolls
 c - a scroll of blinking
 f - 3 scrolls of teleportation
 l - a scroll of fog
 m - 2 scrolls of immolation
 o - a scroll of identify
 q - 4 scrolls of magic mapping
 r - a scroll of amnesia
 C - a scroll of enchant armour
Potions
 h - 4 potions of curing
 k - 7 potions of flight
 v - 2 potions of berserk rage
 x - a potion of heal wounds
 z - a potion of might
Miscellaneous
 s - a phantom mirror (inert)


   Skills:
 + Level 2.6 Fighting
 + Level 3.7 Short Blades
 + Level 2.3 Axes
 + Level 4.3 Dodging
 + Level 7.2 Stealth
 + Level 8.3 Spellcasting
 * Level 8.0 Conjurations
 - Level 3.2 Hexes
 + Level 2.7 Summonings
 - Level 4.0 Translocations
 * Level 10.6 Fire Magic
 * Level 6.3 Invocations
 + Level 0.1 Evocations


You couldn't memorise any spells.
You knew the following spells:

 Your Spells              Type           Power      Damage    Failure   Level
a - Foxfire               Conj/Fire      100%       2x1d9     1%          1
b - Conjure Flame         Conj/Fire      59%        6-21      1%          3
c - Inner Flame           Hex/Fire       50%        N/A       1%          3
d - Flame Wave            Conj/Fire      59%        3d11      1%          4
e - Scorch                Fire           100%       2d10      1%          2
f - Call Canine Familiar  Summ           26%        N/A       4%          3
g - Iskenderun's Mystic   Conj/Tloc      45%        2d10      4%          4
h - Swiftness             Air            11%        N/A       14%         3
i - Fulminant Prism       Conj/Hex       21%        3d13      4%          4

Your spell library contained the following spells:

 Spells                   Type           Power      Damage    Failure   Level
 Dazzling Flash           Conj/Hex       86%        N/A       1%          3
 Ensorcelled Hibernation  Hex/Ice        40%        N/A       3%          2
 Portal Projectile        Hex/Tloc       64%        N/A       3%          3
 Pain                     Necr           44%        1d6       4%          1
 Passwall                 Tmut/Erth      9%         N/A       8%          2
 Leda's Liquefaction      Hex/Erth       10%        N/A       24%         4
 Petrify                  Tmut/Erth      11%        N/A       43%         4
 Metabolic Englaciation   Hex/Ice        10%        N/A       56%         5
 Silence                  Hex/Air        10%        N/A       56%         5
 Agony                    Necr           11%        N/A       80%         5
 Excruciating Wounds      Necr           5%         N/A       80%         5
 Lee's Rapid Deconstruct  Erth           5%         3d7*      80%         5
 Invisibility             Hex            14%        N/A       88%         6
 Spellforged Servitor     Conj/Summ      20%        N/A       99%         7
 Statue Form              Tmut/Erth      7%         N/A       100%        6
 Summon Hydra             Summ           13%        N/A       100%        7


Dungeon Overview and Level Annotations

Branches:
Dungeon (14/15)            Temple (1/1) D:7            Lair (0/6) D:10
    Orc (1/2) D:10          Sewer (visited)
 Vaults: D:13-14

Altars:
Cheibriados
Dithmenos
Elyvilon
Fedhas
Gozag
Kikubaaqudgha
Makhleb
Qazlal
Ru
Sif Muna
Trog
Uskayaw
Vehumet
Wu Jian
Xom
Zin

Shops:
D:3 [   D:10 [


Innate Abilities, Weirdness & Mutations

You cannot wear most types of armour.
You are amphibious.
You can wear up to eight rings at the same time.
Your skin changes colour to match your surroundings (Stealth+).
Your rubbery body absorbs attacks. (AC +1, EV +1)
((You are camouflaged near water. (Stealth+)))
You have tentacles for arms and can constrict up to eight enemies at once.


Message History

Unknown command.
Unknown command.
Unknown command.
Okay, then.
Unknown command.
Press: ? - help, v - describe, . - travel, g - get item Item here: a scroll of amnesia.
The floor, spattered with blood.
Unknown command.
Unknown command.
Okay, then.
Okay, then.
Unknown command.
Unknown command.
Welcome back, Conn the Octopode Fire Elementalist.
Sif Muna whispers: I know many secrets...
Press ? for a list of commands and other information.
Unknown command.
Unknown command.
Unknown command.
As you read the scroll of fog, it crumbles to dust.
The scroll dissolves into smoke.
Aiming: Dig
Press: ? - help, Shift-Dir - straight line, f - you Please select a direction to dig.
There is a cloud of black smoke here.
The rock shatters into small pieces.
Aiming: Dig
Press: ? - help, Shift-Dir - straight line, f - you Please select a direction to dig.
Okay, then.
Okay, then.
Okay, then.
You feel much better.
The stone giant throws a large rock.
The large rock barely misses you.
As you read the scroll of teleportation, it crumbles to dust.
You feel strangely unstable.
The stone giant throws a large rock.
The large rock hits you!!!
Ouch! That really hurt!
You die...

.. ... ...#######
## ..........#
##.#
....C......###@#
#.[.......§§##.##
#.......§§§§#.##
#.......§§§§§##
#....>..§§§C##
#.......§§§§#
##........§§§#
..........§..#
.............#


You could see a stone giant.

Vanquished Creatures
  A hydra (D:14)
  A boulder beetle (D:9)
  7 two-headed ogres
  A tengu warrior (D:11)
  A phantasmal warrior (D:11)
  A deep elf pyromancer (D:13)
  A manticore (D:13)
  A moth of wrath (D:9)
  A guardian serpent (D:11)
  A kobold demonologist (D:14)
  A troll (D:11)
  Prince Ribbit (D:9)
  5 yaks (D:10)
  Sigmund (D:2)
  Eustachio (D:6)
  A wraith (D:11)
  A basilisk (D:11)
  2 acid dragons
  2 water moccasins (D:7)
  3 ice beasts
  A black bear (D:4)
  4 orc warriors
  A sky beast (D:7)
  6 ogres
  3 necrophages
  6 centaurs
  A phantom (D:6)
  A kobold brigand (D:4)
  3 bullfrogs
  3 scorpions
  5 killer bees (D:7)
  3 wights (D:10)
  2 howler monkeys
  8 centaur zombies
  4 hounds
  A bullfrog zombie (D:7)
  A gnoll shaman (D:7)
  3 orc priests
  A bullfrog skeleton (D:6)
  Crazy Yiuf (D:3)
  A centaur skeleton (D:7)
  2 orc wizards
  Robin (D:4)
  4 gnolls (D:7)
  7 adders
  3 white imps
  An ufetubus (D:4)
  An adder skeleton (D:4)
  6 worms
  2 dart slugs (D:3)
  25 orcs
  11 bats
  8 endoplasms
  8 giant cockroaches
  12 hobgoblins
  15 jackals
  5 kobolds
  4 quokkas
  6 ball pythons
  6 frilled lizards
  9 goblins
  11 rats
240 creatures vanquished.

Vanquished Creatures (others)
  772 foxfires
  A fungus (D:3)
  9 plants
782 creatures vanquished.

Grand Total: 1022 creatures vanquished

Notes
Turn   | Place    | Note
-------+----------+-------------------------------------------
     0 | D:1      | Conn the Octopode Fire Elementalist began the quest for the
                  | Orb.
     0 | D:1      | Reached XP level 1. HP: 11/11 MP: 3/3
   171 | D:1      | Reached XP level 2. HP: 17/17 MP: 0/5
   769 | D:1      | Reached XP level 3. HP: 12/21 MP: 4/6
  1721 | D:2      | Found a faded altar of an unknown god.
  1823 | D:2      | Noticed Sigmund
  1839 | D:2      | Killed Sigmund
  1840 | D:2      | Reached skill level 1 in Short Blades
  1840 | D:2      | Reached skill level 4 in Fire Magic
  1840 | D:2      | Reached XP level 4. HP: 8/27 MP: 6/8
  1840 | D:2      | Reached XP level 5. HP: 9/32 MP: 6/9
  2637 | D:3      | Learned a level 3 spell: Conjure Flame
  2641 | D:3      | Learned a level 3 spell: Inner Flame
  2663 | D:3      | Found Zoanuak's Antique Armour Shoppe.
  3093 | D:3      | Reached XP level 6. HP: 37/37 MP: 8/10
  3213 | D:3      | Found a runed translucent door.
  3214 | D:3      | Noticed Crazy Yiuf
  3238 | D:3      | Killed Crazy Yiuf
  3894 | D:4      | Reached skill level 1 in Fighting
  4050 | D:4      | Noticed Robin
  4070 | D:4      | Killed Robin
  4071 | D:4      | Reached XP level 7. HP: 37/43 MP: 1/12
  4965 | D:4      | Found a blossoming altar of Fedhas.
  4965 | D:4      | Found a sacrificial altar of Ru.
  4972 | D:4      | Found a faded altar of an unknown god.
  4974 | D:4      | Found a burning altar of Makhleb.
  4975 | D:4      | Found a faded altar of an unknown god.
  5001 | D:5      | Entered Level 5 of the Dungeon
  5931 | D:5      | Found a stormy altar of Qazlal.
  5938 | D:5      | Reached skill level 5 in Fire Magic
  6065 | D:5      | Reached skill level 1 in Hexes
  6065 | D:5      | Reached XP level 8. HP: 44/48 MP: 14/14
  6296 | D:5      | Reached skill level 5 in Stealth
  6715 | D:6      | Noticed Eustachio
  6726 | D:6      | Killed Eustachio
  6727 | D:6      | Reached skill level 5 in Spellcasting
  6880 | D:6      | Found a glowing drain.
  6903 | Sewer    | Entered a sewer
  7637 | D:6      | Got the Tome of Glacial Creation
  7643 | D:6      | Learned a level 4 spell: Flame Wave
  7646 | D:6      | Learned a level 2 spell: Scorch
  7650 | D:6      | Learned a level 3 spell: Call Canine Familiar
  7754 | D:6      | Reached XP level 9. HP: 12/54 MP: 2/17
  7761 | D:6      | Reached skill level 1 in Summonings
  7761 | D:6      | Reached skill level 6 in Fire Magic
  8610 | D:7      | Reached skill level 5 in Conjurations
  9447 | D:7      | Found a staircase to the Ecumenical Temple.
  9477 | Temple   | Entered the Ecumenical Temple
  9485 | Temple   | Became a worshipper of Sif Muna the Loreminder
  9605 | D:7      | Reached skill level 7 in Fire Magic
  9880 | D:7      | Reached skill level 1 in Invocations
 10070 | D:8      | Noticed a +0 dagger
 10070 | D:8      | Noticed a +0 dagger
 10071 | D:8      | Found a hide-covered altar of Uskayaw.
 10394 | D:8      | Reached XP level 10. HP: 11/60 MP: 12/18
 10665 | D:8      | Identified the +7 hand axe "Betozogi" {venom, Int+7}
 10747 | D:8      | Learned a level 4 spell: Iskenderun's Mystic Blast
 11240 | D:9      | Found an ancient bone altar of Kikubaaqudgha.
 11263 | D:9      | Noticed a two-headed ogre
 11274 | D:9      | Killed a two-headed ogre
 11275 | D:9      | Reached skill level 1 in Translocations
 11389 | D:9      | Noticed a boulder beetle
 11416 | D:9      | Noticed Prince Ribbit
 11426 | D:9      | Killed Prince Ribbit
 11626 | D:9      | Killed a boulder beetle
 11627 | D:9      | Reached skill level 1 in Axes
 11627 | D:9      | Reached skill level 8 in Fire Magic
 12037 | D:9      | Noticed a moth of wrath
 12040 | D:9      | Found a bloodstained altar of Trog.
 12148 | D:9      | Killed a moth of wrath
 12538 | D:9      | Found a glowing silver altar of Zin.
 12692 | D:10     | Entered Level 10 of the Dungeon
 12699 | D:10     | Found a white marble altar of Elyvilon.
 12702 | D:10     | Found an opulent altar of Gozag.
 12762 | D:10     | Found a staircase to the Lair.
 12788 | D:10     | Found a snail-covered altar of Cheibriados.
 12916 | D:10     | Reached XP level 11. HP: 17/65 MP: 7/21
 13416 | D:10     | Found Poum's Armour Emporium.
 13416 | D:10     | Found a staircase to the Orcish Mines.
 13449 | Orc:1    | Entered Level 1 of the Orcish Mines
 13452 | Orc:1    | Reached * piety under Sif Muna
 13784 | D:10     | Found a shimmering altar of Xom.
 14037 | D:10     | Reached skill level 9 in Fire Magic
 14365 | D:11     | Noticed a two-headed ogre
 14374 | D:11     | Killed a two-headed ogre
 14430 | D:11     | Noticed a red ugly thing
 14586 | D:11     | Noticed a phantasmal warrior
 14593 | D:11     | Killed a phantasmal warrior
 14601 | D:11     | Reached skill level 5 in Invocations
 14688 | D:11     | Noticed a tengu warrior
 14932 | D:11     | Found the +3 pair of seven-league boots {Rampage+∞}
 14991 | D:11     | Killed a tengu warrior
 15279 | D:11     | You fall into a shaft and drop 3 floors!
 15280 | D:14     | Noticed a white ugly thing
 15281 | D:14     | Noticed a cyclops
 15286 | D:14     | Noticed a two-headed ogre
 15287 | D:14     | Noticed a six-headed hydra
 15291 | D:14     | Noticed a two-headed ogre
 15291 | D:14     | Noticed a cyclops
 15293 | D:14     | Noticed a stone giant
 15293 | D:14     | Noticed a cyclops
 15293 | D:14     | Noticed a two-headed ogre
 15318 | D:14     | Killed a two-headed ogre
 15321 | D:14     | Killed a two-headed ogre
 15326 | D:14     | Killed a six-headed hydra
 15348 | D:14     | Found a snail-covered altar of Cheibriados.
 15351 | D:13     | Noticed a death knight
 15381 | D:14     | Killed a two-headed ogre
 15382 | D:14     | Reached skill level 10 in Fire Magic
 15402 | D:14     | Noticed a two-headed ogre
 15409 | D:14     | Killed a two-headed ogre
 15410 | D:14     | Reached XP level 12. HP: 39/72 MP: 14/24
 15560 | D:14     | Learned a level 3 spell: Swiftness
 15565 | D:14     | Learned a level 4 spell: Fulminant Prism
 15591 | D:14     | Noticed a two-headed ogre
 15627 | D:14     | Killed a two-headed ogre
 15697 | D:14     | Hit by a large rock thrown by a stone giant

Illustrated notes

Levels and vault maps discovered:
D:1:      giann_bridges, layout_basic, minmay_surrounded
D:2:      layout_basic, chequers_ecumenical_altar_island, grunt_decor_cap,
          uniq_sigmund
D:3:      layout_loops_ring, serial_shops, shop, uniq_crazy_yiuf_cottage
D:4:      layout_gridville, chequers_temple_overflow_minitemple, uniq_robin
D:5:      layout_basic, nicolae_overflow_crystal_walls
D:6:      layout_rooms, gup_sewer_entry_pipe, kennysheep_generic_room_6,
          uniq_eustachio
D:7:      layout_basic, minmay_temple_entry_arrows
D:8:      layout_basic, dancing_weapons_uskayaw, nrook_uturn
D:9:      layout_loops_ring, mainiacjoe_overflow_small_starburst, tgw_trog,
          zin_treasury, uniq_prince_ribbit1
D:10:     layout_irregular_city, mainiacjoe_overflow_paths,
          nicolae_overflow_hidden_temple, lair_entry_dummy, orc_david_3
D:11:     layout_layer_cave, gammafunk_ghost_hive,
          hellmonk_guarded_unrand_seven_league_boots
D:13:     layout_cross, david_vaults_4, enter_bailey_8
D:14:     cheibrodos_monumental, layout_irregular_city, cheibriados_altar_1
Temple:   compressed_dpeg_triangle_lava_temple
Orc:1:    layout_caves, minmay_orc_temple_b, uniq_jorgrun, uniq_gastronok,
          uniq_urug

Skill      XL: |  1  2  3  4  5  6  7  8  9 10 11 12 |
---------------+-------------------------------------+-----
Stealth        | 3 4 6 7 |  7.2
Short Blades   | 1 2 3 |  3.7
Conjurations   | 2 3 4 5 6 7 8 |  8.0
Fire Magic     | 4 5 7 8 10 | 10.6
Spellcasting   | 3 4 5 6 8 |  8.3
Fighting       | 1 2 |  2.6
Hexes          | 1 2 3 |  3.2
Dodging        | 3 4 |  4.3
Summonings     | 2 |  2.7
Invocations    | 2 4 6 |  6.3
Translocations | 3 4 |  4.0
Axes           | 2 |  2.3
Evocations     | |  0.1

Action                   |  1- 3 |  4- 6 |  7- 9 | 10-12 || total
-------------------------+-------+-------+-------+-------++-------
Melee: Short sword       |    28 |    31 |    48 |       ||   107
       Constrict         |     6 |     8 |    12 |     3 ||    29
       Tentacles         |     9 |     6 |     7 |     7 ||    29
       Dagger            |       |     8 |    20 |       ||    28
       Unarmed           |       |       |     3 |       ||     3
       Hand axe          |       |       |       |    37 ||    37
Throw: Throwing net      |       |       |     1 |       ||     1
 Cast: Foxfire           |    47 |    65 |   191 |   160 ||   463
       Inner Flame       |       |     1 |    22 |    39 ||    62
       Flame Wave        |       |       |     1 |     5 ||     6
       Conjure Flame     |       |       |     1 |     2 ||     3
       Scorch            |       |       |       |    12 ||    12
       Call Canine Famil |       |       |       |     7 ||     7
       Iskenderun's Myst |       |       |       |     5 ||     5
Evoke: Wand              |       |       |     1 |     2 ||     3
       Phantom mirror    |       |       |       |     1 ||     1
  Use: Potion            |     3 |     2 |     1 |     3 ||     9
       Scroll            |     2 |       |    13 |     7 ||    22
 Stab: Sleeping          |     3 |     5 |    15 |     4 ||    27
       Distracted        |       |       |     1 |       ||     1
Armor: Skin              |     3 |     2 |     5 |     9 ||    19
Dodge: Dodged            |    15 |    26 |   101 |    82 ||   224

Table legend: (Time is in decaauts)
 A = Elapsed time spent in this place.
 B = Non-inter-level travel time spent in this place.
 C = Inter-level travel time spent in this place.
 D = Time resting spent in this place.
 E = Time spent auto-exploring this place.
 F = Levels seen in this place.
 G = Mean time per level.
                   A        B        C        D        E       F      G
               +--------+--------+--------+--------+--------+-----+--------+
         Total |  15692 |  15418 |    274 |   1784 |  10549 |  16 |  980.8 |
       Dungeon |  15045 |  14771 |    274 |   1784 |  10175 |  13 | 1157.3 |
        Temple |     16 |     16 |      0 |      0 |      0 |   1 |   16.0 |
  Orcish Mines |      6 |      6 |      0 |      0 |      0 |   1 |    6.0 |
         Sewer |    624 |    624 |      0 |      0 |    374 |   1 |  624.0 |
               +--------+--------+--------+--------+--------+-----+--------+

Top non-repeatable levels by time:
     D:4: 1675 daAuts
    D:10: 1553 daAuts
     D:1: 1493 daAuts
     D:9: 1455 daAuts
     D:6: 1367 daAuts
     D:5: 1326 daAuts
     D:7: 1321 daAuts
     D:8: 1192 daAuts
     D:2: 1135 daAuts
     D:3: 1088 daAuts
    D:11: 1031 daAuts
   Sewer: 624 daAuts
    D:14: 381 daAuts
    D:13: 22 daAuts
  Temple: 16 daAuts
